Map: Lost and Found LE

Players

DisK

  • Race: Protoss Protoss
  • Spawn Location: 7:00

Rhizer - Winner!

  • Race: Protoss Protoss
  • Spawn Location: 1:00

Event: WCS Montreal 2018

VOD

Have the link to the VOD?

Description

Time

  • Played on: Sept. 7, 2018, 4:40 p.m.
  • Length: 11:20

All games in this series

Show
View Real Time Build Order
Export as new Build Order

DisK Protoss 

Build Orders: Blink Stalkers 

Get SALT Encoding   

  12  0:00  Probe  
  13  0:12  Probe  
  14  0:16  Pylon  
  14  0:24  Probe  
  15  0:33  Probe  
  15  0:34  Gateway  
  15  0:41  Probe  
  16  0:46  Assimilator  
  17  0:51  Probe  
  18  0:58  Assimilator  
  18  0:59  Probe  
  19  1:07  Probe  
  20  1:13  Gateway  
  20  1:18  Probe  
  20  1:25  Cybernetics Core  
  21  1:30  Probe  
  22  1:36  Pylon  
  22  1:42  Probe  
  23  1:55  Warp Gate  
  23  2:01  Pylon  
  23  2:02  Stalker x2  
  27  2:19  Robotics Facility  
  27  2:28  Probe  
  28  2:35  Twilight Council  
  28  2:39  Stalker x2  
  32  2:46  Shield Battery, Blink  
  32  3:19  Nexus  
  32  3:30  Probe  
  33  3:38  Pylon  
  33  4:00  Stalker x2  
  33  4:02  Robotics Facility  
  36  4:06  Probe  
  37  4:17  Forge  
  37  4:18  Probe  
  38  4:25  Stalker  
  38  4:28  Stalker  
  42  4:39  Shield Battery  
  42  4:40  Pylon  
  40  4:50  Stalker  
  39  5:05  Stalker  
  31  5:15  Probe  
  32  5:24  Stalker  
  34  5:32  Stalker  
  36  5:38  Probe  
  37  5:43  Stalker  
  37  5:58  Stalker  
  37  6:03  Stalker  
  40  6:17  Gateway  
  40  6:21  Gateway  
  40  6:25  Stalker  
  42  6:37  Dark Shrine  
  42  6:44  Stalker  
  44  6:49  Stalker  
  46  7:12  Pylon  
  46  7:20  Warp Prism, Pylon  
  46  7:33  Stalker x2  
  51  7:37  Stalker  
  53  7:46  Stalker  
  53  8:14  Stalker  
  53  8:15  Dark Templar x2  
  59  8:20  Dark Templar  
  49  9:03  Dark Templar x2  
  53  9:14  Observer  
  46  9:31  Stalker  
  48  9:36  Stalker  
  44  9:51  Stalker  
  46  9:54  Stalker  
  44  10:37  Dark Templar x2  
  48  10:57  Nexus  
  48  11:00  Stalker  
  47  11:17  Dark Templar  
Show
View Real Time Build Order
Export as new Build Order

Rhizer Protoss - Winner!

Build Orders: Phoenix Opening 

Get SALT Encoding   

  12  0:00  Probe  
  13  0:12  Probe  
  14  0:17  Pylon  
  14  0:24  Probe  
  15  0:32  Probe  
  15  0:37  Gateway  
  15  0:40  Probe  
  16  0:46  Assimilator  
  17  0:51  Probe  
  17  0:55  Assimilator  
  18  1:02  Probe  
  19  1:09  Gateway  
  19  1:10  Probe  
  19  1:18  Probe  
  21  1:26  Cybernetics Core  
  21  1:29  Probe  
  22  1:37  Pylon  
  22  1:41  Probe  
  23  1:53  Warp Gate  
  23  1:55  Probe  
  24  2:02  Stalker, Sentry  
  28  2:15  Pylon  
  28  2:28  Stargate  
  28  2:35  Stalker  
  29  2:44  Probe  
  29  2:45  Gateway  
  29  2:50  Stalker  
  32  3:04  Phoenix  
  32  3:05  Pylon  
  34  3:19  Stalker  
  36  3:28  Pylon  
  36  3:32  Phoenix  
  38  3:54  Phoenix  
  38  4:01  Gateway  
  40  4:03  Stalker, Zealot  
  40  4:04  Zealot  
  46  4:22  Pylon  
  46  4:24  Stalker  
  46  4:26  Stalker  
  50  4:35  Stalker  
  48  5:06  Phoenix  
  38  5:18  Stalker x2  
  38  5:19  Stalker  
  44  5:23  Shield Battery  
  44  5:28  Zealot  
  46  5:42  Stalker x2  
  50  5:44  Stalker  
  52  5:50  Zealot  
  54  6:01  Phoenix  
  56  6:19  Phoenix  
  56  6:26  Pylon, Zealot  
  56  6:31  Stalker  
  62  6:49  Stalker x2  
  62  6:53  Zealot  
  68  7:06  Robotics Facility  
  68  7:15  Pylon  
  68  7:30  Stalker  
  68  7:33  Stalker  
  68  7:36  Stalker  
  74  7:59  Sentry  
  74  8:00  Zealot, Observer  
  74  8:04  Pylon  
  79  8:28  Nexus  
  79  8:29  Observer  
  79  8:30  Adept  
  82  8:39  Adept  
  79  8:49  Adept  
  73  9:07  Stalker  
  75  9:19  Adept x2  
  79  9:40  Observer  
  79  9:52  Sentry  
  79  10:09  Stalker  
  79  10:10  Zealot  
  82  10:16  Stalker, Zealot  
  82  10:19  Pylon  
  80  10:28  Observer  
  81  10:42  Stalker  
  83  10:43  Zealot x2  
  83  10:49  Adept  
  84  11:07  Stalker  
Tags
 
Add a new tag
Caveats
  • Supply blocks, unpowered buildings, or Contaminate may cause inaccurate times.
  • Supply counts are checked every 10 seconds.